 Dungeon Crawl Stone Soup version 0.26-a0-652-gafc20e3620 (webtiles) character file.

Game seed: 17843833496023676852

58375 djmy96 the Bludgeoner (level 15, -2/120 HPs)
             Began as a Formicid Fighter on Oct 2, 2020.
             Was the Champion of Okawaru.
             Succumbed to a wolf spider's poison
             ... on level 3 of the Lair of Beasts.
             The game lasted 00:42:49 (21866 turns).

djmy96 the Bludgeoner (Formicid Fighter)           Turns: 21866, Time: 00:42:50

Health: -2/120     AC: 17    Str: 33    XL:     15   Next: 29%
Magic:  16/16      EV: 16    Int:  8    God:    Okawaru [******]
Gold:   1405       SH: 15    Dex: 12    Spells: 14/14 levels left

rFire    . . .     SeeInvis +   W - +1 morningstar "Rizil" {vorpal, Dex+2} (curse)
rCold    . . .     Faith    .   c - +0 kite shield
rNeg     . . .     Spirit   .   K - +2 chain mail {MR+}
rPois    .         Reflect  .   (helmet unavailable)
rElec    .         Harm     .   L - +0 cloak
rCorr    .         Rampage  .   b - +0 pair of gloves
MR       ++...                  (no boots)
Stlth    ..........             t - amulet of regeneration
HPRegen  0.70/turn              m - +4 ring of evasion
MPRegen  0.15/turn              d - +6 ring of strength

@: brilliant, lethally poisoned (-2 -> -18)
A: permanent stasis, dig shafts and tunnels, four strong arms, antennae 3
a: Dig, Shaft Self, Heroism, Finesse, Renounce Religion


You were on level 3 of the Lair of Beasts.
You worshipped Okawaru.
Okawaru was exalted by your worship.
You visited 3 branches of the dungeon, and saw 20 of its levels.
You visited the Abyss 1 time.

You collected 1437 gold pieces.
You spent 32 gold pieces at shops.

Inventory:

Hand Weapons
 j - the cursed +2 morningstar "Wiohob" {vorpal, rPois Dex+3, unknown}
   (You found it on level 3 of the Lair of Beasts)

   It inflicts extra damage upon your enemies.
   It affects your dexterity (+3).
   It protects you from poison.
   It has a curse placed upon it.
 q - the +4 great mace "Veat" {elec, *Drain Str+2 Int+3, unknown}
   (Okawaru gifted it to you on level 3 of the Lair of Beasts)

   Occasionally, upon striking a foe, it will discharge some electrical energy
   and cause terrible harm.
   It affects your strength (+2).
   It affects your intelligence (+3).
   It causes draining when unequipped.
 W - the cursed +1 morningstar "Rizil" (weapon) {vorpal, Dex+2}
   (You found it on level 8 of the Dungeon)

   It inflicts extra damage upon your enemies.
   It affects your dexterity (+2).
   It has a curse placed upon it.
Missiles
 g - 3 datura-tipped darts (quivered)
 p - 2 boomerangs of dispersal
Armour
 b - a +0 pair of gloves (worn)
 c - a +0 kite shield (worn)
 K - a +2 chain mail of magic resistance (worn)
 L - a +0 cloak (worn)
Jewellery
 d - a +6 ring of strength (right hand)
 m - a +4 ring of evasion (left hand)
 t - an amulet of regeneration (around neck)
 C - an uncursed ring of poison resistance
Wands
 i - a wand of paralysis (19)
 l - a wand of random effects (12)
 r - a wand of flame (15)
 s - a wand of disintegration (16)
Scrolls
 a - a scroll of enchant weapon {unknown}
 f - 4 scrolls of identify {unknown}
 k - 2 scrolls of amnesia {unknown}
 n - a scroll of vulnerability {unknown}
Potions
 e - a potion of might
Miscellaneous
 o - a box of beasts (3/3)


   Skills:
 + Level 12.0 Fighting
 + Level 15.2 Maces & Flails
 + Level 1.1 Throwing
 + Level 11.7 Armour
 + Level 5.7 Dodging
 + Level 14.8 Shields
 + Level 2.0 Invocations


You had 14 spell levels left.
You didn't know any spells.
Your spell library contained the following spells:

 Spells                   Type           Power        Failure   Level
 Animate Skeleton         Necr           #.....       82%         1
 Freeze                   Ice            #...         82%         1
 Pain                     Necr           #...         82%         1
 Summon Small Mammal      Summ           #...         82%         1
 Call Imp                 Summ           #.......     91%         2
 Call Canine Familiar     Summ           #.......     99%         3
 Confusing Touch          Hex            #.......     99%         3
 Frozen Ramparts          Ice            #.....       99%         3
 Gell's Gravitas          Tloc           #.........   99%         3
 Ozocubu's Armour         Ice            #.......     99%         3
 Summon Guardian Golem    Hex/Summ       #.......     99%         3
 Vampiric Draining        Necr           #.........   99%         3
 Animate Dead             Necr           #.........   100%        4
 Hailstorm                Conj/Ice       #.......     100%        4
 Petrify                  Tmut/Erth      #.......     100%        4
 Summon Ice Beast         Ice/Summ       #.......     100%        4
 Summon Lightning Spire   Summ/Air       #.......     100%        4
 Agony                    Necr           #.......     100%        5
 Metabolic Englaciation   Hex/Ice        #.........   100%        5
 Yara's Violent Unravell  Hex/Tmut       #.........   100%        5


Dungeon Overview and Level Annotations

Branches:
Dungeon (15/15)            Temple (1/1) D:6            Lair (4/6) D:11
  Swamp (0/4) Lair:4       Spider (0/4) Lair:3          Orc (0/2) D:11
 Depths (0/5) D:15
 Vaults: D:13-14

Altars:
Ashenzari
Cheibriados
Dithmenos
Elyvilon
Fedhas
Gozag
Hepliaklqana
Kikubaaqudgha
Makhleb
Nemelex Xobeh
Okawaru
Qazlal
Ru
Sif Muna
Trog
Uskayaw
Vehumet
Wu Jian
Xom
Yredelemnul
Zin
The Shining One

Shops:
D:8 =   D:11 [

Annotations:
D:14 Jorgrun


Innate Abilities, Weirdness & Mutations

You cannot be hasted, slowed, berserked, paralysed or teleported.
You can dig through walls and to a lower floor.
Your four strong arms can wield two-handed weapons with a shield.
You have a pair of large antennae on your head. (SInv)


Message History

* * * LOW HITPOINT WARNING * * *
The wolf spider completely misses you.
You disentangle yourself.
You feel sick. You block the wolf spider's attack.
The wolf spider bites you but does no damage.
You hit the wolf spider.
The wolf spider is lightly wounded.
The wolf spider hits you but does no damage.
The wolf spider bites you.
* * * LOW HITPOINT WARNING * * *
You are lethally poisoned!
The wolf spider poisons you!
You hit the wolf spider.
The wolf spider is lightly wounded.
* * * LOW HITPOINT WARNING * * *
You feel sick. You block the wolf spider's attack.
The wolf spider completely misses you.
Unknown command.
It was a potion of brilliance.
You feel clever all of a sudden.
You die...

##....PPP#..............
#.....PP##.....###......
##.....###......###....#
#.....# ##.....##P....#
##.....####....###.....#
#..##.^^##.....##.......
##..##.^.###...###......
###...#.s^.^#...# ##.....
#.....##@^^.##..## #.....
###....#^^^^.##..###....#
##....##^^...#.)#P.....#
##......##^.>.#.#..P....#
#.#....## #...#.###.....#
##......# ##.#..###....#
##...)## ####.#.#......
#....## ##....####.....
###.....# #.....# ##....#


You could see a wolf spider.

Vanquished Creatures
  Rupert (Lair:3)
  Fannar (Lair:1)
  4 hydras
  A catoblepas (D:13)
  4 centaur warriors
  An ogre mage (D:15)
  6 two-headed ogres (D:15)
  A tengu warrior (D:15)
  Nergalle (D:11)
  9 skeletal warriors
  4 unseen horrors
  A wizard (D:14)
  Pikel (D:4)
  A necromancer (D:15)
  The ghost of Barbarella the Poker, a novice HuFi of Xom (D:5)
  An orc sorcerer (D:15)
  4 deep elf magi
  An ugly thing (D:12)
  A wolf spider (Lair:3)
  4 cyclopes
  A centaur zombie (D:14)
  A black mamba (Lair:4)
  A black mamba (shapeshifter) (D:13)
  3 cane toads
  A gargoyle (D:12)
  A naga mage (D:15)
  A torpor snail (Lair:2)
  Maggie (D:7)
  7 komodo dragons
  A kobold demonologist (D:15)
  An efreet (D:13)
  4 trolls
  A tengu conjurer (D:15)
  A jumping spider (Lair:3)
  Grinder (D:5)
  4 blink frogs
  3 dream sheep
  A polar bear (D:9)
  4 slime creatures
  6 hippogriffs
  2 centaur simulacra (D:15)
  Sigmund (D:5)
  A ynoxinul (Abyss:2)
  3 water elementals
  A redback (Lair:3)
  Eustachio (D:5)
  2 wraiths
  A hog (shapeshifter) (D:9)
  29 yaks
  2 basilisks
  Menkaure (D:5)
  2 soldier ants
  2 wargs (D:11)
  Edmund (D:6)
  An acid dragon (D:15)
  11 porcupines
  6 water moccasins
  Duvessa (D:3)
  14 orc warriors
  2 sky beasts
  A black bear (D:12)
  10 ice beasts
  2 phantoms
  11 ogres
  3 necrophages
  6 wolves
  11 centaurs
  10 crocodiles
  2 lemures (D:4)
  A small abomination (Abyss:2)
  18 bullfrogs
  5 big kobolds
  A gnoll sergeant (D:7)
  Dowan (D:3)
  A wyvern skeleton (D:12)
  A water moccasin zombie (D:10)
  A hornet simulacrum (D:15)
  7 scorpions
  6 killer bees (D:7)
  3 wights
  4 howler monkeys
  7 electric eels
  4 bullfrog zombies
  2 quasits
  8 hounds
  5 jellies
  4 centaur skeletons
  10 orc priests
  Crazy Yiuf (D:7)
  15 orc wizards
  4 bullfrog skeletons
  10 iguanas
  Ijyb (D:5)
  9 worker ants
  A hound zombie (D:5)
  A hound skeleton (D:10)
  14 gnolls
  A howler monkey skeleton (D:4)
  14 adders
  A shadow imp (D:4)
  4 white imps
  4 ufetubi
  3 oozes
  4 adder zombies
  2 worms (D:2)
  A dart slug (D:3)
  9 leopard geckos
  55 orcs
  2 ball pythons (D:3)
  5 bats
  2 bat zombies (D:6)
  11 giant cockroaches
  6 goblins
  9 hobgoblins
  25 jackals
  2 quokkas
  2 frilled lizards
  A jackal zombie (D:6)
  31 kobolds
  A leopard gecko skeleton (D:4)
  2 quokka skeletons
  5 rats
  4 rat zombies (D:6)
583 creatures vanquished.

Vanquished Creatures (others)
  10 fungi
  36 plants
46 creatures vanquished.

Grand Total: 629 creatures vanquished

Notes
Turn   | Place    | Note
-------+----------+-------------------------------------------
     0 | D:1      | djmy96 the Formicid Fighter began the quest for the Orb.
     0 | D:1      | Reached XP level 1. HP: 18/18 MP: 1/1
    96 | D:1      | Reached XP level 2. HP: 24/24 MP: 2/2
   325 | D:1      | Reached XP level 3. HP: 26/29 MP: 3/3
   826 | D:2      | Reached XP level 4. HP: 34/37 MP: 4/4
  1337 | D:2      | Noticed an ogre
  1678 | D:2      | Reached XP level 5. HP: 42/42 MP: 5/5
  1819 | D:2      | Killed an ogre
  1819 | D:2      | Reached skill level 3 in Maces & Flails
  1943 | D:2      | Reached XP level 6. HP: 43/48 MP: 6/6
  2183 | D:3      | Found a blossoming altar of Fedhas.
  2270 | D:3      | Reached skill level 1 in Dodging
  2364 | D:3      | Found a glowing golden altar of the Shining One.
  2494 | D:3      | Became a worshipper of the Shining One
  2961 | D:3      | Reached skill level 4 in Maces & Flails
  3173 | D:4      | Reached skill level 5 in Shields
  3224 | D:4      | Noticed Duvessa
  3224 | D:4      | Noticed Dowan
  3250 | D:3      | Killed Duvessa
  3250 | D:3      | Reached skill level 5 in Armour
  3250 | D:3      | Reached XP level 7. HP: 33/54 MP: 7/7
  3261 | D:3      | Killed Dowan
  3581 | D:4      | Noticed Pikel
  3771 | D:4      | Killed Pikel
  3771 | D:4      | Reached skill level 5 in Maces & Flails
  3771 | D:4      | Reached XP level 8. HP: 5/61 MP: 8/8
  4249 | D:4      | Reached skill level 5 in Fighting
  4249 | D:4      | Reached skill level 6 in Maces & Flails
  4352 | D:5      | Entered Level 5 of the Dungeon
  4386 | D:5      | Noticed Eustachio
  4386 | D:5      | Reached * piety under the Shining One
  4389 | D:5      | Noticed Sigmund
  4409 | D:5      | Killed Eustachio
  4411 | D:5      | Killed Sigmund
  4411 | D:5      | Reached XP level 9. HP: 57/68 MP: 9/9
  4549 | D:5      | Noticed Grinder
  4567 | D:5      | Killed Grinder
  4567 | D:5      | Reached skill level 7 in Maces & Flails
  4870 | D:5      | Noticed Ijyb
  4887 | D:5      | Killed Ijyb
  4920 | D:5      | Found a hazy altar of Hepliaklqana.
  5021 | D:5      | Found a basalt altar of Yredelemnul.
  5024 | D:5      | Found a hide-covered altar of Uskayaw.
  5027 | D:5      | Found a broken altar of Ashenzari.
  5066 | D:5      | Found a runed translucent door.
  5075 | D:5      | Noticed Barbarella's ghost (novice HuFi)
  5093 | D:5      | Noticed Menkaure
  5106 | D:5      | Killed Menkaure
  5458 | D:5      | Found an ornate altar of the Wu Jian Council.
  5669 | D:6      | Reached ** piety under the Shining One
  5677 | D:6      | Found an ancient bone altar of Kikubaaqudgha.
  5856 | D:6      | HP: 1/69 [orc priest/divine providence (12)]
  6293 | D:6      | Reached skill level 8 in Maces & Flails
  6363 | D:6      | Found a staircase to the Ecumenical Temple.
  6426 | Temple   | Entered the Ecumenical Temple
  6744 | D:6      | Found a shimmering altar of Xom.
  6744 | D:6      | Found an iron altar of Okawaru.
  6748 | D:6      | Fell from the grace of the Shining One
  6748 | D:6      | Became a worshipper of Warmaster Okawaru
  6792 | D:6      | Noticed Edmund
  6806 | D:6      | Killed Edmund
  7087 | D:7      | Noticed Maggie
  7124 | D:7      | Killed Maggie
  7124 | D:7      | Reached XP level 10. HP: 43/76 MP: 10/10
  7329 | D:7      | Found a stormy altar of Qazlal.
  7339 | D:7      | Reached * piety under Okawaru
  8029 | D:7      | Found a white marble altar of Elyvilon.
  8417 | D:7      | Found a runed translucent door.
  8418 | D:7      | Noticed Crazy Yiuf
  8425 | D:7      | Killed Crazy Yiuf
  8661 | D:8      | Reached skill level 9 in Maces & Flails
  8769 | D:8      | Reached ** piety under Okawaru
  9521 | D:8      | Found Furchoant's Jewellery Emporium.
  9535 | D:8      | Bought a cursed amulet of inaccuracy for 32 gold pieces
  9549 | D:8      | You fall into a shaft and drop 3 floors!
  9568 | D:11     | Found a staircase to the Lair.
  9734 | D:11     | Noticed a cyclops
  9742 | D:11     | Reached XP level 11. HP: 84/84 MP: 11/11
  9749 | D:11     | Killed a cyclops
  9749 | D:11     | Reached *** piety under Okawaru
  9871 | D:11     | Noticed a cyclops
  9883 | D:11     | Killed a cyclops
  9919 | D:11     | Reached skill level 10 in Shields
  9951 | D:11     | Noticed a six-headed hydra
  9961 | D:11     | Killed a six-headed hydra
  9961 | D:11     | Reached skill level 10 in Maces & Flails
 10024 | D:11     | Reached **** piety under Okawaru
 10071 | D:11     | Noticed a six-headed hydra
 10090 | D:11     | Killed a six-headed hydra
 10252 | D:11     | Found a staircase to the Orcish Mines.
 10363 | D:11     | Found Kaqemmamp's Antique Armour Shop.
 10409 | D:11     | Reached ***** piety under Okawaru
 10718 | D:11     | Noticed Nergalle
 10732 | D:11     | Killed Nergalle
 10732 | D:11     | Reached skill level 1 in Invocations
 10860 | D:10     | Entered Level 10 of the Dungeon
 11294 | D:10     | Noticed an unseen horror
 11302 | D:10     | Reached XP level 12. HP: 79/94 MP: 12/12
 11307 | D:10     | Killed an unseen horror
 11307 | D:10     | Received a gift from Okawaru
 11307 | D:10     | Reached skill level 11 in Maces & Flails
 11338 | D:10     | Found a stormy altar of Qazlal.
 11551 | D:10     | Noticed an unseen horror
 11564 | D:10     | Killed an unseen horror
 12983 | D:9      | Reached skill level 1 in Throwing
 13191 | D:8      | Got a masterwork morningstar
 13192 | D:8      | Identified the cursed +1 morningstar "Rizil" {vorpal,
                  | Dex+2} (You found it on level 8 of the Dungeon)
 13775 | D:12     | Received a gift from Okawaru
 14093 | D:12     | Reached skill level 12 in Maces & Flails
 14096 | D:12     | Noticed a skeletal warrior
 14102 | D:12     | Killed a skeletal warrior
 14150 | D:12     | Reached skill level 10 in Armour
 14249 | D:12     | Reached XP level 13. HP: 92/102 MP: 13/13
 14656 | D:5      | Killed Barbarella's ghost
 14656 | D:5      | Received a gift from Okawaru
 15374 | D:13     | Noticed a catoblepas
 15386 | D:13     | Killed a catoblepas
 15386 | D:13     | Reached skill level 10 in Fighting
 15428 | D:13     | Reached ****** piety under Okawaru
 15540 | D:13     | Noticed a centaur warrior
 15547 | D:13     | Killed a centaur warrior
 15607 | D:13     | Noticed a centaur warrior
 15614 | D:13     | Killed a centaur warrior
 15614 | D:13     | Reached skill level 13 in Maces & Flails
 15640 | D:13     | Noticed a centaur warrior
 15649 | D:13     | Killed a centaur warrior
 15826 | D:13     | Received a gift from Okawaru
 15843 | D:13     | Got a pair of dazzling boots {god gift}
 15849 | D:13     | Identified the -2 pair of boots of Happiness {Harm Str-5
                  | Int+2 Stlth+} (Okawaru gifted it to you on level 13 of the
                  | Dungeon)
 16545 | D:14     | Noticed a centaur warrior
 16554 | D:14     | Killed a centaur warrior
 16584 | D:14     | Cast into level 2 of the Abyss (a wizard)
 16606 | Abyss:2  | Reached skill level 5 in Dodging
 16641 | D:14     | Escaped the Abyss
 16818 | D:14     | Noticed Jorgrun
 16821 | D:14     | You fall into a shaft and drop 1 floor!
 16821 | D:15     | Entered Level 15 of the Dungeon
 16846 | D:15     | Reached XP level 14. HP: 34/111 MP: 7/15
 17319 | D:15     | Received a gift from Okawaru
 17382 | D:15     | Found a snail-covered altar of Cheibriados.
 17429 | D:15     | Reached skill level 14 in Maces & Flails
 17529 | D:15     | Found a staircase to the Depths.
 18531 | Lair:1   | Entered Level 1 of the Lair of Beasts
 18830 | Lair:1   | Noticed Fannar
 18849 | Lair:1   | Killed Fannar
 19382 | Lair:2   | You fall into a shaft and drop 2 floors!
 19512 | Lair:4   | Found a staircase to the Swamp.
 19657 | Lair:4   | Received a gift from Okawaru
 19932 | Lair:3   | Reached XP level 15. HP: 85/120 MP: 16/16
 19939 | Lair:3   | Reached skill level 15 in Maces & Flails
 21028 | Lair:3   | Got a fine morningstar
 21509 | Lair:3   | Noticed Rupert
 21529 | Lair:3   | Killed Rupert
 21529 | Lair:3   | Received a gift from Okawaru
 21530 | Lair:3   | Got a translucent great mace {god gift}
 21841 | Lair:3   | Found a hole to the Spider Nest.
 21862 | Lair:3   | HP: 5/120 [wolf spider (11)]
 21864 | Lair:3   | HP: 2/120 [wolf spider (3)]
 21866 | Lair:3   | Succumbed to a wolf spider's poison

Illustrated notes

Levels and vault maps discovered:
D:1:      evilmike_arrival_crescent, layout_loops_ring
D:2:      minmay_general_purpose_star, layout_loops_ring
D:3:      layout_basic, nicolae_overflow_crystal_walls,
          lemuel_coloured_pillars_altar, kennysheep_generic_room_6
D:4:      layout_rooms, uniq_pikel, uniq_duvessa
D:5:      layout_basic, nicolae_overflow_hidden_temple,
          grunt_temple_overflow_diamond, old_standard_altar,
          ebering_ghost_sewer_d, uniq_eustachio, uniq_ijyb, uniq_sigmund,
          uniq_menkaure, uniq_grinder
D:6:      layout_loops_ring, lemuel_zombie_altar_kikubaaqudgha,
          gammafunk_temple_overflow_wave, minmay_temple_entry_junction_2,
          uniq_edmund
D:7:      layout_loops_cross, marbit_many_paths, lemuel_round_altar,
          serial_co_window_serial, co_window_corner_a,
          co_window_of_opportunity_a, co_window_paths_b,
          co_window_of_opportunity_a, co_window_paths_a, co_window_corner_ca,
          co_window_corner_b, co_window_broadway_c, co_window_broadway_b,
          co_window_corner_ca, co_window_of_opportunity_c, co_window_paths_d,
          glass_columns_b, glass_columns_c, uniq_maggie, uniq_crazy_yiuf_cottage
D:8:      layout_loops_corners, serial_shops, shop
D:9:      layout_stronghold, serial_ice, serial_ice_h, serial_ice_j,
          serial_ice_d, serial_ice_o, kennysheep_generic_room_3
D:10:     layout_basic, nicolae_qazlal_eye_of_the_storm
D:11:     layout_roguey, erik_lair_orcish_takeover, david_orc_2, serial_shops,
          shop, uniq_nergalle
D:12:     minmay_box_of_statues, layout_irregular_city
D:13:     layout_irregular_city
D:14:     layout_loops_ring, david_vaults_1, minmay_misc_feat_diagonals,
          serial_bayou, serial_bayou_lagoon_a, serial_bayou_ford_a,
          serial_bayou_pond_a, serial_bayou_lagoon_b, serial_bayou_pond_d,
          serial_bayou_crossing, uniq_jorgrun
D:15:     grunt_enter_depths_magical_seal, layout_small_grid,
          cheibriados_altar_1
Temple:   chequers_temple_sunken
Lair:1:   layout_cave_shapes, minmay_holes, grunt_forest_stairs_basic,
          serial_bayou_shore_b, uniq_fannar
Lair:2:   layout_gridlike, grunt_megastairs_4, infiniplex_staircase_pool,
          serial_bayou_shore_b
Lair:3:   beast_lair_carwin_large_1, layout_long_grid,
          spider_nest_entry_funnel_web, uniq_rupert
Lair:4:   layout_roguey, swamp_mist_pool

Skill      XL: |  1  2  3  4  5  6  7  8  9 10 11 12 13 14 15 |
---------------+----------------------------------------------+-----
Shields        | 4 5 6 7 9 10 12 13 14 | 14.8
Armour         | 4 5 6 7 8 9 10 11 | 11.7
Maces & Flails | 3 4 5 6 8 9 10 12 13 14 15 | 15.2
Dodging        | 1 2 3 4 5 |  5.7
Fighting       | 4 5 6 7 8 9 10 11 12 | 12.0
Invocations    | 1 2 |  2.0
Throwing       | 1 |  1.1

Action                   |  1- 3 |  4- 6 |  7- 9 | 10-12 | 13-15 || total
-------------------------+-------+-------+-------+-------+-------++-------
Melee: Flail             |    78 |   223 |    64 |       |       ||   365
       Whip              |       |       |   259 |   897 |       ||  1156
       Morningstar       |       |       |       |   211 |   845 ||  1056
Throw: Throwing net      |       |     1 |     1 |       |       ||     2
       Dart              |       |       |       |    13 |       ||    13
Invok: Divine Shield     |       |       |     1 |       |       ||     1
       Heroism           |       |       |       |     4 |     5 ||     9
       Finesse           |       |       |       |       |     1 ||     1
 Abil: Dig               |       |     1 |     7 |     7 |    15 ||    30
       Shaft Self        |       |       |       |       |     1 ||     1
  Use: Potion            |       |       |     3 |       |     1 ||     4
 Stab: Confused          |       |       |       |       |     1 ||     1
Armor: Scale mail        |    33 |    84 |    33 |       |       ||   150
       Chain mail        |       |       |    12 |   195 |   148 ||   355
       Ring mail         |       |       |     9 |       |       ||     9
Dodge: Dodged            |    27 |   160 |    93 |   324 |   284 ||   888
Block: Kite shield       |    49 |   165 |   131 |   472 |   497 ||  1314

Table legend: (Time is in decaauts)
 A = Elapsed time spent in this place.
 B = Non-inter-level travel time spent in this place.
 C = Inter-level travel time spent in this place.
 D = Time resting spent in this place.
 E = Time spent auto-exploring this place.
 F = Levels seen in this place.
 G = Mean time per level.
                   A        B        C        D        E       F      G
               +--------+--------+--------+--------+--------+-----+--------+
         Total |  21485 |  19546 |   1939 |    317 |  14824 |  21 | 1023.1 |
       Dungeon |  18118 |  16320 |   1798 |    317 |  12226 |  15 | 1207.9 |
        Temple |    309 |    285 |     24 |      0 |    198 |   1 |  309.0 |
          Lair |   3002 |   2886 |    116 |      0 |   2398 |   4 |  750.5 |
         Abyss |     55 |     55 |      0 |      0 |      0 |   1 |   55.0 |
               +--------+--------+--------+--------+--------+-----+--------+

Top non-repeatable levels by time:
     D:6: 1570 daAuts
     D:7: 1543 daAuts
     D:8: 1440 daAuts
    D:15: 1398 daAuts
     D:5: 1355 daAuts
    D:11: 1350 daAuts
    D:13: 1218 daAuts
     D:9: 1213 daAuts
     D:2: 1183 daAuts
     D:4: 1179 daAuts
    D:10: 1054 daAuts
     D:3: 1050 daAuts
     D:1: 1038 daAuts
    D:12: 1036 daAuts
  Lair:3: 989 daAuts
